 Dungeon Crawl Stone Soup version 0.17.1-3-g152610e (webtiles) character file.

18 Laakeri the Charmwright (level 2, 0/22 HPs)
             Began as a Demonspawn Skald on Apr 27, 2016.
             Slain by a kobold
             ... wielding a +0 whip
              (4 damage)
             ... on level 1 of the Dungeon.
             The game lasted 00:06:16 (937 turns).

Laakeri the Charmwright (Demonspawn Skald)           Turns: 937, Time: 00:06:16

Health: 0/22       AC:  4    Str: 12    XL:     2   Next: 51%
Magic:  1/5        EV: 11    Int: 13    God:
Gold:   74         SH:  0    Dex: 12    Spells: 1 memorised, 4 levels left

rFire  . . .     SeeInvis .     a - +0 spear
rCold  . . .     Clarity  .     b - +0 leather armour
rNeg   . . .     SustAt   .     (no shield)
rPois  .         Gourm    .     (no helmet)
rElec  .         Spirit   .     e - +0 cloak (curse)
rCorr  .         Warding  .     (no gloves)
rMut   .         Stasis   .     (no boots)
MR     .....                    (no amulet)
Stlth  +.........               (no ring)
                                (no ring)

@: not resistant to hostile enchantments, very unstealthy
A: demonic guardian 1
a: no special abilities


You were on level 1 of the Dungeon.
You were not hungry.

You visited 1 branch of the dungeon, and saw 1 of its levels.

You collected 74 gold pieces.

Inventory:

Hand Weapons
 a - a +0 spear (weapon)
Armour
 b - a +0 leather armour (worn)
 e - a cursed +0 cloak (worn)
Jewellery
 j - a cursed amulet of inaccuracy {unknown}
Scrolls
 g - a scroll of remove curse {unknown}
 h - a scroll of identify {unknown}
 i - a scroll of random uselessness {unknown}
Books
 c - a book of Battle

   Spells                             Type                      Level
   a - Infusion                       Charms                       1
   b - Shroud of Golubria             Charms/Translocation         2
   c - Song of Slaying                Charms                       2
   d - Spectral Weapon                Hexes/Charms                 3
   e - Regeneration                   Charms/Necromancy            3
Comestibles
 d - a bread ration
 f - 2 chunks of flesh


   Skills:
 - Level 2.0 Fighting
 * Level 2.2 Polearms
 - Level 0.8 Armour
 - Level 0.8 Dodging
 + Level 2.3 Spellcasting
 + Level 3.0 Charms


You had 4 spell levels left.
You knew the following spells:

 Your Spells              Type           Power        Failure   Level  Hunger
a - Infusion              Chrm           #.....       12%         1    #......


Dungeon Overview and Level Annotations

Branches:
Dungeon (1/15)

Altars:


Innate Abilities, Weirdness & Mutations

A weak demonic guardian rushes to your aid.


Message History

The jackal is severely wounded.
The bat closely misses you. The kobold misses you.
The jackal barely misses you. The bat misses you.
You hit the jackal.
You kill the jackal!
The bat barely misses you. The kobold hits you with a whip.
* * * LOW HITPOINT WARNING * * *
You closely miss the kobold. The bat hits you but does no damage.
The kobold closely misses you.
You barely miss the kobold. The bat hits you but does no damage.
The bat closely misses you. The kobold closely misses you.
Your magical contamination has completely faded away.
You hit the kobold but do no damage. The bat hits you but does no damage.
The bat barely misses you. The kobold closely misses you.
You barely miss the kobold. The bat hits you but does no damage.
The kobold closely misses you.
You barely miss the kobold.
You are no longer magically infusing your attacks.
The bat hits you but does no damage. The kobold hits you with a whip.
You die...

#..##.##.# #.##
##..##.##.#
#.#...#..#...#.#
#.#...#..#...#.#
......#..#...#.#
#.#...#..#...#.###.#
.........'.........# .
..
#.#####.##...#(#####....
.####
................@†......
.....
#...............bK......
....
....###..##.##.#####..##
... ...
................. ... ..
#. ............##.## #
... #. .#..###..##.##.##
...###. .#..............
... .........
.....)...###.#.# #.#
.....#.#. .#.####..#
#.#.# #.# #....#.#.


You could see a bat and a kobold.

Vanquished Creatures
  2 goblins (D:1)
  4 jackals (D:1)
  3 bats (D:1)
  A giant newt (D:1)
  5 kobolds (D:1)
  4 rats (D:1)
19 creatures vanquished.

Notes
Turn   | Place    | Note
--------------------------------------------------------------
     0 | D:1      | Laakeri the Demonspawn Skald began the quest for the Orb.
     0 | D:1      | Reached XP level 1. HP: 16/16 MP: 3/3
   596 | D:1      | Gained mutation: A weak demonic guardian rushes to your aid. [demonic ancestry]
   596 | D:1      | Reached XP level 2. HP: 20/22 MP: 5/5
   921 | D:1      | Reached skill level 3 in Charms
   937 | D:1      | Slain by a kobold

Action                   || total
-------------------------++-------
Melee: Spear             ||    69
 Cast: Infusion          ||     3
